 Dungeon Crawl Stone Soup version 0.29-a0-598-gd8304a5bf4 (webtiles) character file.

Game seed: 14351946458620341932

49 avis the Insei (level 3, -3/29 HPs)
             Began as a Demigod Transmuter on June 16, 2022.
             Slain by a gnoll
             ... wielding a +3 whip
              (8 damage)
             ... on level 4 of the Dungeon.
             The game lasted 00:06:57 (1788 turns).

avis the Insei (Demigod Transmuter)                 Turns: 1788, Time: 00:06:57

Health: -3/29      AC:  2    Str: 11    XL:     3   Next: 32%
Magic:  2/8        EV: 20    Int: 15    God:
Gold:   157        SH:  0    Dex: 23    Spells: 2/6 levels left

rFire   . . .      SeeInvis .     - Unarmed
rCold   . . .      Faith    .   (shield currently unavailable)
rNeg    . . .      Spirit   .   (body armour currently unavailable)
rPois   x          Reflect  .   (helmet currently unavailable)
rElec   .          Harm     .   (cloak currently unavailable)
rCorr   .          Rampage  .   (gloves currently unavailable)
Will    .....                   (boots currently unavailable)
Stlth   ++........              (no amulet)
HPRegen 0.09/turn               (no ring)
MPRegen 0.11/turn               (no ring)

@: spider-form (expiring), very slightly contaminated
A: venomous fangs, tiny, high MP 1, forlorn, divine attributes
a: End Transformation


You were on level 4 of the Dungeon.
You were a venomous arachnid creature.
You visited 1 branch of the dungeon, and saw 3 of its levels.

You collected 157 gold pieces.

Inventory:

Armour
 a - a +0 robe (melded)
 k - a +0 pair of gloves (melded)
Scrolls
 c - 4 scrolls of immolation {unknown}
 d - a scroll of poison {unknown}
 g - a scroll of silence {unknown}
 h - a scroll of identify {unknown}
 i - a scroll of teleportation {unknown}
 j - a scroll of torment {unknown}
Potions
 b - a potion of lignification
 e - 2 potions of mutation {unknown}
 f - a potion of degeneration {unknown}
 l - a potion of might {unknown}


   Skills:
 - Level 2.0 Fighting
 - Level 2.0 Dodging
 - Level 1.0 Stealth
 - Level 3.0 Unarmed Combat
 - Level 2.0 Spellcasting
 - Level 2.0 Transmutations
 * Level 0.5 Poison Magic


You had 2 spell levels left.
You knew the following spells:

 Your Spells              Type           Power      Damage    Failure   Level
a - Beastly Appendage     Tmut           14%        N/A       24%         1
p - Spider Form           Tmut/Pois      5%         N/A       58%         3

Your spell library contained the following spells:

 Spells                   Type           Power      Damage    Failure   Level
 Wereblood                Tmut           7%         N/A       32%         2
 Frozen Ramparts          Ice            2%         1d2       75%         3
 Ice Form                 Ice/Tmut       4%         N/A       93%         4
 Summon Ice Beast         Ice/Summ       1%         N/A       98%         4


Dungeon Overview and Level Annotations

Branches:
Dungeon (2/15)

Annotations:
D:4 Menkaure


Innate Abilities, Weirdness & Mutations

You are a venomous arachnid creature.
You have poisonous fangs.
You are tiny and dextrous.
Your spellcasting is less reliable in this form.
Your armour is entirely melded.
You are incapable of wielding weapons or throwing items.
You have an increased reservoir of magic. (+10% MP)
You shall have no god before yourself.
Your divine heritage dramatically boosts your attributes as you level up.


Message History

Confirm with . or Enter, or press ? or * to list all spells.
Okay, then.
Adjust (i)tems, (s)pells, or (a)bilities?
Adjust which spell? b - Spider Form Adjust to which letter? p - Spider Form
Casting: Beastly Appendage (safe; 10% risk of failure)
Confirm with . or Enter, or press ? or * to list all spells.
The spell is extremely dangerous to miscast (38% risk of failure)!
Continue anyway?
You miscast Spider Form.
You are very lightly contaminated with residual magic.
Nothing appears to happen.
The orc hits you but does no damage.
Casting: Spider Form (extremely dangerous; 38% risk of failure)
Confirm with . or Enter, or press ? or * to list all spells.
The spell is extremely dangerous to miscast (38% risk of failure)!
Continue anyway?
Your horns disappear.
Your talons disappear.
You turn into a venomous arachnid creature.
Your +0 pair of gloves melds into your body.
Your +0 robe melds into your body.
The orc hits you with a +0 dagger.
You hit the orc.
The orc is poisoned.
The orc is severely wounded.
A gnoll comes into view.
It is wielding a +0 flail and carrying a wand of flame (19).
The orc hits you with a +0 dagger.
You hit the orc.
You kill the orc!
The gnoll completely misses you.
You hit the black bear.
The black bear is poisoned.
The black bear is moderately wounded.
Your transformation is almost over.
The gnoll hits you from afar with a +0 halberd!
* * * LOW HITPOINT WARNING * * *
The black bear barely misses you. The black bear claws you.
* * * LOW HITPOINT WARNING * * *
The black bear barely misses you. The gnoll misses you. x2
You hit the gnoll.
The gnoll is poisoned.
The gnoll is lightly wounded.
The gnoll barely misses you. The gnoll hits you with a +3 whip!
You die...

#################
#.).[...#...)...#
.#.#.#g#h#.#.#.#.#.#.###
.....ggs...............#
#########+############.#
#.# ..# #.## .. M.. ###


You could see a black bear (very poisoned) and 3 gnolls.

Vanquished Creatures
  An adder (D:2)
  An orc (D:4)
  4 ball pythons
  5 bats
  5 endoplasms
  7 goblins
  A hobgoblin (D:1)
  A jackal (D:4)
  2 quokkas
  A frilled lizard (D:2)
  3 kobolds
  2 rats
33 creatures vanquished.

Notes
Turn   | Place    | Note
-------+----------+-------------------------------------------
     0 | D:1      | avis the Demigod Transmuter began the quest for the Orb.
     0 | D:1      | Reached XP level 1. HP: 15/15 MP: 5/5
    17 | D:1      | Reached skill level 1 in Fighting
   389 | D:1      | Reached XP level 2. HP: 4/24 MP: 4/7
   824 | D:1      | Reached skill level 3 in Unarmed Combat
  1213 | D:2      | Reached XP level 3. HP: 22/29 MP: 6/8
  1289 | D:2      | Learned a level 3 spell: Spider Form
  1628 | D:2      | Reached skill level 1 in Stealth
  1752 | D:2      | You fall into a shaft and drop 2 floors!
  1755 | D:4      | Noticed Menkaure
  1778 | D:4      | Noticed a black bear
  1788 | D:4      | Slain by a gnoll

Illustrated notes

Levels and vault maps discovered:
D:1:      roderic_chinese_lattice_arrival, layout_loops_ring, chequers_jeans,
          corexii_leaking_fountain, chequers_garden, minmay_tromino_i2
D:2:      layout_basic, hellmonk_ecumenical_altar_lost_god,
          kennysheep_big_empty_room
D:4:      layout_loops_ring, okawaru_metal_pillars_1_2,
          nicolae_elyvilon_peaceful_grove, temple_statues, serial_shops,
          shop_statue, gammafunk_ghost_mausoleum, grunt_ministairs_1,
          hangedman_minor_gate_pass, uniq_ijyb, uniq_robin, uniq_menkaure,
          uniq_pikel

Skill      XL: |  1  2  3 |
---------------+----------+-----
Fighting       | 2 |  2.0
Unarmed Combat | 3 |  3.0
Dodging        | 2 |  2.0
Spellcasting   | 2 |  2.0
Transmutations | 2 |  2.0
Stealth        | 1 |  1.0
Poison Magic   | |  0.5

Action                   || total
-------------------------++-------
Melee: Unarmed           ||    81
       Kick              ||     9
       Headbutt          ||    12
 Cast: Beastly Appendage ||    28
       Spider Form       ||     1
 Stab: Sleeping          ||     3
Armor: Robe              ||    11
Dodge: Dodged            ||    46

Table legend: (Time is in decaauts)
 A = Elapsed time spent in this place.
 B = Non-inter-level travel time spent in this place.
 C = Inter-level travel time spent in this place.
 D = Time resting spent in this place.
 E = Time spent auto-exploring this place.
 F = Levels seen in this place.
 G = Mean time per level.
                   A        B        C        D        E       F      G
               +--------+--------+--------+--------+--------+-----+--------+
         Total |   1789 |   1783 |      6 |    658 |    775 |   3 |  596.3 |
       Dungeon |   1789 |   1783 |      6 |    658 |    775 |   3 |  596.3 |
               +--------+--------+--------+--------+--------+-----+--------+

Top non-repeatable levels by time:
     D:1: 1203 daAuts
     D:2: 551 daAuts
     D:4: 34 daAuts
